 Dungeon Crawl Stone Soup version 0.28-a0-1506-g3893175d92 (webtiles) character file.

Game seed: 17012050374562248399

784 somkeydreadnuts the Ogre Mage (level 7, -11/67 HPs)
             Began as an Ogre Earth Elementalist on Jan 14, 2022.
             Engulfed by a cloud of flame (23 damage)
             ... on level 5 of the Dungeon.
             The game lasted 00:20:32 (6422 turns).

somkeydreadnuts the Ogre Mage (OgEE)                Turns: 6422, Time: 00:20:32

Health: -11/67     AC:  5    Str: 13    XL:     7   Next: 86%
Magic:  15/15      EV:  8    Int: 26    God:
Gold:   181        SH:  5    Dex:  9    Spells: 16/17 levels left

rFire   . . .      SeeInvis +   p - +12 hand axe "Qasetriu" {freeze, rPois Int+2 SInv}
rCold   . . .      Faith    .   D - +0 kite shield
rNeg    . . .      Spirit   .   b - +0 robe
rPois   +          Reflect  .   (helmet restricted)
rElec   .          Harm     .   y - +1 cloak
rCorr   .          Rampage  .   (gloves unavailable)
Will    .....                   (boots unavailable)
Stlth   +.........              (no amulet)
HPRegen 0.21/turn               h - ring of poison resistance
MPRegen 0.14/turn               q - +6 ring of intelligence

@: no status effects
A: large, unfitting armour, tough skin 1
a: no special abilities


You were on level 5 of the Dungeon.
You visited 2 branches of the dungeon, and saw 6 of its levels.

You collected 181 gold pieces.

Inventory:

Hand Weapons
 f - a +0 club
 p - the +12 hand axe "Qasetriu" (weapon) {freeze, rPois Int+2 SInv}
   (You found it on level 3 of the Dungeon)

   It freezes those it strikes, dealing additional cold damage.
   It can also slow down cold-blooded creatures.
   Int:       It affects your intelligence (+2).
   rPois:     It protects you from poison.
   SInv:      It lets you see invisible.
Missiles
 c - 91 stones
Armour
 b - a +0 robe (worn)
 y - a +1 cloak (worn)
 D - a +0 kite shield (worn)
Magical Staves
 m - a staff of fire
Jewellery
 h - a ring of poison resistance (left hand)
 j - an amulet of guardian spirit
 q - a +6 ring of intelligence (right hand)
 E - a ring of positive energy
Wands
 w - a wand of flame (30)
Scrolls
 g - 3 scrolls of identify {unknown}
 i - 2 scrolls of enchant armour {unknown}
 k - a scroll of amnesia {unknown}
 l - 2 scrolls of teleportation {unknown}
 n - a scroll of magic mapping {unknown}
 r - 3 scrolls of blinking {unknown}
 u - a scroll of holy word {unknown}
 v - a scroll of noise {unknown}
 x - a scroll of fear {unknown}
 A - a scroll of enchant weapon {unknown}
 F - a scroll of brand weapon {unknown}
Potions
 a - 2 potions of heal wounds {unknown}
 d - a potion of curing {unknown}
 e - a potion of invisibility {unknown}
 o - a potion of flight {unknown}
 s - 2 potions of haste {unknown}
 t - a potion of lignification {unknown}
 z - a potion of attraction {unknown}
 B - a potion of resistance {unknown}
 C - a potion of mutation {unknown}


   Skills:
 + Level 3.5 Fighting
 + Level 4.3 Axes
 - Level 1.7 Dodging
 - Level 1.4 Stealth
 + Level 5.5 Spellcasting
 - Level 0.8 Transmutations
 - Level 5.0 Earth Magic


You had 16 spell levels left.
You knew the following spells:

 Your Spells              Type           Power      Damage    Failure   Level
a - Sandblast             Erth           66%        2d15      2%          1

Your spell library contained the following spells:

 Spells                   Type           Power      Damage    Failure   Level
 Passwall                 Tmut/Erth      18%        N/A       9%          2
 Stone Arrow              Conj/Erth      40%        3d9       22%         3
 Ozocubu's Armour         Ice            7%         N/A       52%         3
 Petrify                  Tmut/Erth      22%        N/A       52%         4
 Ozocubu's Refrigeration  Ice            3%         4d5       100%        7


Dungeon Overview and Level Annotations

Branches:
Dungeon (5/15)             Temple (1/1) D:4

Altars:
Ashenzari
Cheibriados
Dithmenos
Elyvilon
Fedhas
Gozag
Hepliaklqana
Kikubaaqudgha
Okawaru
Qazlal
Ru
Sif Muna
Trog
Uskayaw
Vehumet
Wu Jian
Xom
Yredelemnul
Zin
The Shining One

Shops:
D:2 (


Innate Abilities, Weirdness & Mutations

You are too large for most types of armour.
You have tough skin. (AC +1)


Message History

The hound is severely wounded.
The hound bites you but does no damage. You block the hound's attack.
You slash the hound! You freeze the hound.
You kill the hound!
You open the door.
There is an open door here.
You open the door.
There is an open door here.
E - a ring of positive energy
Found a leather armour.
Found a robe.
As you open the door, it creaks loudly!
There is an open door here.
Things that are here:
a +0 club; a gnoll corpse
Things that are here:
a +0 club; a +0 leather armour; a gnoll corpse You open the door.
There is an open door here.
F - a scroll labelled QAORGH VIETIU You open the door.
There is an open door here.
There is an open door here.
There is an open door here.
You open the door.
Found a stone staircase leading down.
You now have 181 gold pieces (gained 5).
You open the door.
There is an open door here.
You open the door.
There is an open door here.
There is an open door here.
Really walk into a travel-excluded area?
You are engulfed in blazing flames.
Unknown command.
You are engulfed in blazing flames.
You are engulfed in blazing flames.
* * * LOW HITPOINT WARNING * * *
You are engulfed in blazing flames.
You die...

.....# #..# #.# #..###'###'#..
.....# #..# ##§## #°.........#..
.....# #.°#########..°.......#..
##...# #.°☼°§#8#§°○°#....#####..
##...####.°# #######.#....##..###
.#......#..# #§# #.......#....#
.#......#..# #§# #.......#.<..#
.#......'..####§####.......#....'
##.##..###...○○☼@..........#....#
##.#####.....○○○.#.........#....#
....#..#.........#.###....#######
....#..'.....#####'#########...##
....#..#.....+......#...........#
#..##+##.....#....†.'...........#
#..#.........#.....##.....##....#
#..#.........#.....##.....##...##
#..#....######.....##.....##...##


There were no monsters in sight!

Vanquished Creatures
  Menkaure (D:4)
  A sky beast (D:5)
  A scorpion (D:5)
  2 hounds (D:5)
  Crazy Yiuf (D:4)
  A gnoll shaman (D:5)
  A bullfrog skeleton (D:4)
  A scorpion zombie (D:5)
  Natasha (thrice) (D:4)
  A hound skeleton (D:4)
  A howler monkey zombie (D:5)
  Robin (D:3)
  5 gnolls (D:5)
  8 adders
  A shadow imp (D:5)
  A white imp (D:5)
  A worm (D:2)
  2 dart slugs (D:1)
  4 orcs
  A bat (D:1)
  6 endoplasms
  5 giant cockroaches
  16 goblins
  10 hobgoblins
  9 jackals
  5 kobolds
  4 quokkas
  2 ball pythons (D:2)
  3 frilled lizards
  4 rats
102 creatures vanquished.

Notes
Turn   | Place    | Note
-------+----------+-------------------------------------------
     0 | D:1      | somkeydreadnuts the Ogre Earth Elementalist began the quest
                  | for the Orb.
     0 | D:1      | Reached XP level 1. HP: 16/16 MP: 3/3
   203 | D:1      | Reached XP level 2. HP: 18/24 MP: 1/5
   825 | D:1      | Reached XP level 3. HP: 20/31 MP: 4/7
  2427 | D:2      | Reached XP level 4. HP: 31/39 MP: 9/9
  2595 | D:2      | Found Neihotz's Antique Weapon Shoppe.
  2613 | D:2      | Found a faded altar of an unknown god.
  2924 | D:3      | Identified the +12 hand axe "Qasetriu" {freeze, rPois Int+2
                  | SInv}
  2931 | D:3      | You fall into a shaft and drop 1 floor!
  2987 | D:4      | Found a staircase to the Ecumenical Temple.
  3011 | Temple   | Entered the Ecumenical Temple
  3370 | D:4      | Noticed Menkaure
  3385 | D:4      | Killed Menkaure
  3386 | D:4      | Reached skill level 1 in Fighting
  3386 | D:4      | Reached skill level 1 in Axes
  3386 | D:4      | Reached XP level 5. HP: 27/48 MP: 7/11
  3525 | D:4      | Noticed Natasha
  3583 | D:4      | Found a basalt altar of Yredelemnul.
  3586 | D:3      | Noticed Robin
  3595 | D:3      | Killed Robin
  3596 | D:3      | Reached XP level 6. HP: 3/55 MP: 11/13
  3599 | D:3      | HP: 2/55 [goblin/stone[Robin] (2)]
  4427 | D:4      | Found a blossoming altar of Fedhas.
  4522 | D:4      | Killed Natasha
  4563 | D:4      | Found a runed translucent door.
  4564 | D:4      | Noticed Crazy Yiuf
  4598 | D:4      | Noticed Natasha
  4605 | D:4      | Killed Natasha
  4932 | D:4      | Noticed Natasha
  4938 | D:4      | Killed Natasha
  4939 | D:4      | Reached skill level 5 in Spellcasting
  5302 | D:4      | Killed Crazy Yiuf
  5407 | D:5      | Entered Level 5 of the Dungeon
  5416 | D:5      | Reached XP level 7. HP: 48/66 MP: 14/14
  6166 | D:5      | Reached skill level 5 in Earth Magic
  6422 | D:5      | Engulfed by a cloud of flame

Illustrated notes

Levels and vault maps discovered:
D:1:      lemuel_arrival_river_bridge, layout_basic, minmay_misc_feat_x,
          minmay_tromino_v4_a
D:2:      layout_loops_ring, serial_shops, nicolae_shop_crystal,
          nicolae_ecumenical_oubliette, nrook_uturn
D:3:      layout_basic, minmay_misc_feat_columns, uniq_robin
D:4:      layout_basic, mainiacjoe_overflow_24_doors, yredelemnul_altar_generic,
          uniq_crazy_yiuf_cottage, uniq_natasha, uniq_menkaure
D:5:      layout_gridville, lemuel_flamethrower_2
Temple:   hc_temple_tempest_star

Skill      XL: |  1  2  3  4  5  6  7 |
---------------+----------------------+-----
Earth Magic    | 3 4 5 |  5.0
Spellcasting   | 3 4 5 |  5.5
Fighting       | 1 2 3 |  3.5
Axes           | 1 3 4 |  4.3
Dodging        | |  1.7
Stealth        | |  1.4
Transmutations | |  0.8

Action                   |  1- 3 |  4- 6 |  7- 9 || total
-------------------------+-------+-------+-------++-------
Melee: Unarmed           |     5 |       |       ||     5
       Club              |    68 |       |       ||    68
       Staff             |    53 |    33 |       ||    86
       Punch             |     3 |       |       ||     3
       Hand axe          |       |    59 |    39 ||    98
 Cast: Sandblast         |    28 |     8 |     9 ||    45
 Stab: Sleeping          |       |     3 |       ||     3
Armor: Robe              |    46 |    32 |    14 ||    92
Dodge: Dodged            |    64 |    45 |    14 ||   123
Block: Kite shield       |       |       |     4 ||     4

Table legend: (Time is in decaauts)
 A = Elapsed time spent in this place.
 B = Non-inter-level travel time spent in this place.
 C = Inter-level travel time spent in this place.
 D = Time resting spent in this place.
 E = Time spent auto-exploring this place.
 F = Levels seen in this place.
 G = Mean time per level.
                   A        B        C        D        E       F      G
               +--------+--------+--------+--------+--------+-----+--------+
         Total |   6487 |   6450 |     37 |      0 |   5123 |   6 | 1081.2 |
       Dungeon |   6171 |   6134 |     37 |      0 |   4864 |   5 | 1234.2 |
        Temple |    315 |    315 |      0 |      0 |    259 |   1 |  315.0 |
               +--------+--------+--------+--------+--------+-----+--------+

Top non-repeatable levels by time:
     D:1: 1542 daAuts
     D:4: 1386 daAuts
     D:2: 1323 daAuts
     D:5: 1021 daAuts
     D:3: 897 daAuts
  Temple: 315 daAuts
